 Dungeon Crawl Stone Soup version 0.24-a0-528-g98e85ec62a (webtiles) character file.

Game seed: 12473757638212758865

17144 BinkBink the Carver (level 12, -9/112 HPs)
             Began as a Deep Dwarf Berserker on Aug 6, 2019.
             Was an Elder of Trog.
             Killed by divine providence
             ... invoked by an orc priest
              (13 damage)
             ... on level 12 of the Dungeon.
             The game lasted 00:25:22 (9057 turns).

BinkBink the Carver (Deep Dwarf Berserker)          Turns: 9057, Time: 00:25:24

Health: -9/112     AC: 12    Str: 27    XL:     12   Next: 16%
Magic:  4/4        EV: 15    Int:  9    God:    Trog [****..]
Gold:   703        SH:  0    Dex: 12    Spells: 11/11 levels left

rFire    . . .     SeeInvis .   D - +0 scimitar
rCold    . . .     Gourm    .   (no shield)
rNeg     . . .     Faith    .   y - +1 ring mail of the Beekeeper {Str+2 Slay+3}
rPois    .         Spirit   .   l - +2 helmet
rElec    .         Reflect  .   q - +0 cloak
rCorr    .         Harm     .   (no gloves)
MR       +++..                  (no boots)
Stlth    ++........             N - amulet of magic regeneration
HPRegen  1.00/turn              b - ring of flight
MPRegen  0.34/turn              (no ring)

@: non-regenerating
A: damage resistance, heal wounds, sense surroundings 2, no regeneration
a: Heal Wounds, Berserk, Trog's Hand, Brothers in Arms, Renounce Religion, Evoke
Flight


You were on level 12 of the Dungeon.
You worshipped Trog.
Trog was greatly pleased with you.
You were not hungry.

You visited 1 branch of the dungeon, and saw 12 of its levels.

You collected 703 gold pieces.

Inventory:

Hand Weapons
 a - a +1 falchion
 D - a +0 scimitar (weapon)
Armour
 l - a +2 helmet (worn)
 q - a +0 cloak (worn)
 y - the +1 ring mail of the Beekeeper (worn) {Str+2 Slay+3}
   (You found it on level 5 of the Dungeon)

   It affects your strength (+2).
   It affects your accuracy and damage with ranged weapons and melee attacks
   (+3).
Jewellery
 b - a ring of flight (left hand)
 N - an amulet of magic regeneration (around neck)
Wands
 s - a wand of enslavement (9)
 t - a wand of digging (5)
 B - a wand of flame (17)
 F - a wand of polymorph (4)
 G - a wand of disintegration (8)
 I - a wand of random effects (35)
 L - a wand of acid (12)
Scrolls
 d - 5 scrolls of enchant armour {unknown}
 e - 6 scrolls of magic mapping {unknown}
 g - 2 scrolls of teleportation {unknown}
 h - 2 scrolls of fog {unknown}
 j - 7 scrolls of remove curse
 k - 3 scrolls of enchant weapon
 n - 2 scrolls of fear {unknown}
 o - 6 scrolls of amnesia {unknown}
 p - 14 scrolls of identify {unknown}
 r - 3 scrolls of noise {unknown}
 z - 3 scrolls of random uselessness {unknown}
 E - a scroll of immolation {unknown}
 J - a scroll of blinking {unknown}
Potions
 i - a potion of resistance {unknown}
 m - 5 potions of haste
 u - a potion of ambrosia {unknown}
 v - 3 potions of lignification {unknown}
 w - a potion of magic {unknown}
 x - 2 potions of curing
 A - 4 potions of flight {unknown}
 C - 2 potions of degeneration {unknown}
 H - a potion of mutation {unknown}
 K - 2 potions of brilliance {unknown}
 M - 4 potions of heal wounds {unknown}
Comestibles
 c - 17 rations
 f - 8 chunks of flesh


   Skills:
 + Level 8.9 Fighting
 + Level 14.0 Long Blades
 + Level 9.2 Armour
 + Level 7.7 Dodging
 + Level 3.2 Stealth


You had 11 spell levels left.
You didn't know any spells.
Your spell library contained the following spells:

 Spells                   Type           Power        Failure   Level  Hunger
 Flame Tongue             Conj/Fire      #....        50%         1    ##.....
 Throw Flame              Conj/Fire      #.....       63%         2    ###....
 Conjure Flame            Conj/Fire      #.......     86%         3    ####...
 Inner Flame              Hex/Fire       #.......     86%         3    ####...
 Sticky Flame             Conj/Fire      #.......     99%         4    #####..
 Fireball                 Conj/Fire      #.........   100%        5    ######.


Dungeon Overview and Level Annotations

Branches:
Dungeon (12/15)            Temple (0/1) D:7            Lair (0/6) D:11
    Orc (0/2) D:12

Altars:
Ashenzari
Cheibriados
Elyvilon
Hepliaklqana
Kikubaaqudgha
Okawaru
Qazlal
Ru
Sif Muna
Trog
Zin
The Shining One
Beogh

Shops:
D:4 }

Annotations:
D:6 2 runed translucent doors, tilp's ghost, novice TeAE
D:12 Frances


Innate Abilities, Weirdness & Mutations

You are resistant to damage.
You can heal yourself by infusing magical energy.
You passively map the area around you.
You do not regenerate.


Message History

You barely miss Frances.
Frances is severely wounded.
Frances hits you with a +2 hand axe of electrocution!
You are electrocuted!!
* * * LOW HITPOINT WARNING * * *
You slash Frances!
Frances is severely wounded.
The quasit disappears in a puff of smoke!
The ice devil misses you.
Frances screams a word of power!
The shard of ice hits you!!
* * * LOW HITPOINT WARNING * * *
You feel much better.
Frances whispers indecipherable words.
The shard of ice hits you!!
* * * LOW HITPOINT WARNING * * *
The ice devil barely misses you.
The orc priest calls down the wrath of Beogh upon you.
Beogh smites you!
You die...

* .......##.....
,, ,............#
. , * ,
,,........?...##..
, , ,,
,........§.§.....
, ,
........{....... ,
, ######o4o33..#.
* ,, ##o##.#...* *
#@##...## , ,,,
#@# #..<# , * #4#
#.>.# , , #.#
##..# * #)# #..###
#.# #....# #.#
##.#.# #.# #.#.#
#.#####.#,., , ,,
#.......# ##* * *


You could see Frances, an ice devil, a chaos spawn, an orc priest and 2 orcs.

Vanquished Creatures
  Gastronok (D:10)
  Harold (D:7)
  A two-headed ogre (D:10)
  An unseen horror (D:10)
  Pikel (D:5)
  2 ugly things
  Psyche (D:8)
  A gargoyle (D:12)
  A komodo dragon (D:11)
  A troll (D:11)
  2 hippogriffs
  A vampire (D:10)
  Sigmund (D:2)
  13 yaks (D:11)
  A wyvern (D:9)
  3 humans
  A hungry ghost (D:8)
  Grum (D:8)
  A steam dragon (D:11)
  Menkaure (D:5)
  2 wargs (D:12)
  Duvessa (D:4)
  2 water moccasins
  A black bear (D:10)
  6 sky beasts
  7 orc warriors
  4 ice beasts
  4 ogres
  4 wolves
  A phantom (D:7)
  5 centaurs
  A big kobold (D:10)
  11 bullfrogs
  Dowan (D:4)
  A wyvern skeleton (D:11)
  A water moccasin zombie (D:7)
  6 scorpions
  15 killer bees
  4 wights (D:9)
  3 electric eels (D:11)
  3 howler monkeys (D:10)
  A crimson imp (D:6)
  A gnoll shaman (D:9)
  4 jellies
  13 orc wizards
  A quasit (D:10)
  11 orc priests
  Crazy Yiuf (D:2)
  8 hounds
  3 bullfrog skeletons
  4 iguanas
  13 worker ants
  2 killer bee zombies
  2 hound skeletons
  6 gnolls
  7 adders
  3 shadow imps
  An ooze (D:4)
  2 adder skeletons
  3 worms
  4 dart slugs
  7 leopard geckos
  68 orcs
  5 giant cockroaches
  8 goblins
  5 hobgoblins
  6 jackals
  11 quokkas
  14 bats
  7 frilled lizards
  15 kobolds
  A leopard gecko skeleton (D:5)
  A quokka skeleton (D:6)
  A quokka zombie (D:8)
  10 rats
368 creatures vanquished.

Notes
Turn   | Place    | Note
-------+----------+-------------------------------------------
     0 | D:1      | BinkBink the Deep Dwarf Berserker began the quest for the
                  | Orb.
     0 | D:1      | Reached XP level 1. HP: 20/20 MP: 1/1
   132 | D:1      | Reached XP level 2. HP: 24/27 MP: 2/2
   226 | D:1      | Reached ** piety under Trog
   397 | D:1      | Reached XP level 3. HP: 29/34 MP: 3/3
   629 | D:2      | Found a bloodstained altar of Trog.
   814 | D:2      | Found a glowing silver altar of Zin.
   815 | D:2      | Noticed an angel
  1025 | D:3      | Reached skill level 4 in Long Blades
  1025 | D:3      | Reached XP level 4. HP: 39/42 MP: 3/3
  1245 | D:3      | Found a white marble altar of Elyvilon.
  1721 | D:2      | Found an ancient bone altar of Kikubaaqudgha.
  1721 | D:2      | Noticed Sigmund
  1799 | D:2      | Killed Sigmund
  1799 | D:2      | Reached skill level 5 in Long Blades
  1799 | D:2      | Reached XP level 5. HP: 17/50 MP: 4/4
  1799 | D:2      | Reached XP level 6. HP: 20/57 MP: 5/5
  1835 | D:2      | Found a runed translucent door.
  1836 | D:2      | Noticed Crazy Yiuf
  1886 | D:2      | Found a deep blue altar of Sif Muna.
  2020 | D:2      | Killed Crazy Yiuf
  2108 | D:4      | Found Juddirche's Gadget Shoppe.
  2164 | D:4      | Noticed Duvessa
  2164 | D:4      | Noticed Dowan
  2221 | D:4      | Killed Duvessa
  2221 | D:4      | Reached XP level 7. HP: 41/64 MP: 6/6
  2235 | D:4      | Killed Dowan
  2473 | D:4      | Reached skill level 6 in Long Blades
  2687 | D:4      | Reached skill level 5 in Armour
  3027 | D:5      | Entered Level 5 of the Dungeon
  3029 | D:5      | Noticed Pikel
  3060 | D:5      | Killed Pikel
  3060 | D:5      | Reached skill level 7 in Long Blades
  3060 | D:5      | Reached skill level 1 in Stealth
  3060 | D:5      | Reached XP level 8. HP: 35/73 MP: 7/7
  3214 | D:5      | Noticed Menkaure
  3247 | D:5      | Killed Menkaure
  3247 | D:5      | Reached skill level 8 in Long Blades
  3266 | D:5      | Found a sacrificial altar of Ru.
  3384 | D:5      | Found a shattered altar of Ashenzari.
  3406 | D:5      | Reached skill level 5 in Fighting
  3512 | D:5      | Got a brightly glowing ring mail
  3523 | D:5      | Identified the +1 ring mail of the Beekeeper {Str+2 Slay+3}
                  | (You found it on level 5 of the Dungeon)
  3893 | D:6      | Gained mutation: You passively map the area around you.
                  | [Deep Dwarf growth]
  3893 | D:6      | Reached XP level 9. HP: 58/81 MP: 7/7
  4028 | D:6      | Reached skill level 9 in Long Blades
  4566 | D:6      | Found a large runed translucent door.
  4566 | D:6      | Found a large runed translucent door.
  4567 | D:6      | Noticed tilp's ghost (novice TeAE)
  4713 | D:7      | Found a stormy altar of Qazlal.
  4718 | D:7      | Found a staircase to the Ecumenical Temple.
  4800 | D:7      | Reached skill level 10 in Long Blades
  4916 | D:7      | Found a snail-covered altar of Cheibriados.
  4968 | D:7      | Found a glowing golden altar of the Shining One.
  5072 | D:7      | Noticed Harold
  5083 | D:7      | Killed Harold
  5278 | D:7      | Reached XP level 10. HP: 70/92 MP: 7/7
  5303 | D:7      | Found a hazy altar of Hepliaklqana.
  5442 | D:8      | Reached skill level 11 in Long Blades
  5472 | D:8      | Reached *** piety under Trog
  5666 | D:8      | Noticed Grum
  5668 | D:8      | Noticed Psyche
  5697 | D:8      | Killed Psyche
  5721 | D:8      | Killed Grum
  5721 | D:8      | Reached skill level 5 in Dodging
  6436 | D:9      | Found an iron altar of Okawaru.
  6447 | D:9      | Reached skill level 12 in Long Blades
  6995 | D:9      | Found a roughly hewn altar of Beogh.
  7010 | D:9      | Reached **** piety under Trog
  7102 | D:10     | Entered Level 10 of the Dungeon
  7112 | D:10     | Reached XP level 11. HP: 70/102 MP: 7/7
  7152 | D:10     | Noticed a two-headed ogre
  7164 | D:10     | Killed a two-headed ogre
  7387 | D:10     | Killed an unseen horror
  7634 | D:10     | Noticed Gastronok
  7661 | D:10     | Killed Gastronok
  7661 | D:10     | Reached skill level 13 in Long Blades
  7944 | D:11     | Received a gift from Trog
  8159 | D:11     | Noticed a white ugly thing
  8310 | D:11     | Noticed a white ugly thing
  8320 | D:11     | Killed a white ugly thing
  8421 | D:11     | Found a staircase to the Lair.
  8504 | D:11     | Reached XP level 12. HP: 61/112 MP: 5/5
  8916 | D:12     | Reached skill level 14 in Long Blades
  9004 | D:12     | Noticed Frances
  9057 | D:12     | HP: 4/112 [Frances/shard of ice (30)]
  9057 | D:12     | Killed from afar by an orc priest

Levels and vault maps discovered:
D:1:      elethiomel_arrival_infinity_welcomes_careful_drivers, layout_rooms,
          chequers_serial_rivers_room_a, minmay_tall_x
D:2:      layout_basic, lemuel_round_altar, zin_angel,
          overflow_temple_1_default, kiku_gazebo_garden_becter, first_ration,
          uniq_sigmund, uniq_crazy_yiuf_cottage
D:3:      layout_loops_ring, nicolae_overflow_crystal_walls
D:4:      minmay_razor_zed, layout_loops_ring, serial_shops,
          nicolae_shop_competitors_out_of_business, uniq_duvessa
D:5:      layout_cave_pools, ashenzari_conservatory_becter,
          kennysheep_mini_moat, chequers_serial_rivers_micro_c, uniq_menkaure,
          uniq_pikel
D:6:      layout_basic, ebering_ghost_disaster_area
D:7:      layout_basic, lemuel_crystal_altar, marbit_many_paths,
          lemuel_doored_altar, lemuel_coloured_pillars_altar,
          minmay_temple_entry_offerings, uniq_harold
D:8:      layout_loops_ring, uniq_psyche, uniq_grum
D:9:      layout_grid_maze, okawaru_humans, enter_bailey_3, special_room
          [special_room_orc]
D:10:     layout_long_grid, uniq_gastronok
D:11:     layout_roguey, erik_lair_island
D:12:     layout_basic, erik_orc_4, uniq_kirke, uniq_frances

Skill      XL: |  1  2  3  4  5  6  7  8  9 10 11 12 |
---------------+-------------------------------------+-----
Fighting       | 3 4 5 6 7 8 |  8.9
Long Blades    | 4 5 7 8 10 12 13 14 | 14.0
Armour         | 3 4 5 6 7 8 9 |  9.2
Dodging        | 3 4 5 7 |  7.7
Stealth        | 1 2 3 |  3.2

Action                   |  1- 3 |  4- 6 |  7- 9 | 10-12 || total
-------------------------+-------+-------+-------+-------++-------
Melee: Falchion          |   164 |   142 |   412 |       ||   718
       Scimitar          |       |       |    47 |   733 ||   780
Invok: Trog's Hand       |     2 |     6 |    19 |    28 ||    55
 Abil: Heal Wounds       |     1 |       |     5 |    23 ||    29
  Use: Scroll            |       |       |     2 |       ||     2
 Stab: Sleeping          |       |       |       |     1 ||     1
  Eat: Chunk             |       |     6 |    15 |    18 ||    39
       Ration            |       |       |     1 |     3 ||     4
Armor: Animal skin       |    23 |       |       |       ||    23
       Chain mail        |    75 |    54 |   144 |       ||   273
       Ring mail         |       |       |    66 |   232 ||   298
Dodge: Dodged            |   128 |    59 |   234 |   443 ||   864
       Rpst.: Falchion   |    44 |    19 |    64 |       ||   127
       Scimitar          |       |       |    11 |   125 ||   136

Table legend:
 A = Non-vault XP
 B = Vault XP
 C = Vault XP percentage of total XP
 D = Non-vault monster count
 E = Vault monster count
 F = Vault count percentage of total count
                 A         B        C        D         E       F
            +---------+---------+-------+---------+---------+-------
      Total |   16831 |    7661 |  31.3 |     297 |      71 |  19.3
            +---------+---------+-------+---------+---------+-------
        D:1 |      44 |       6 |  12.0 |      27 |       4 |  12.9
        D:2 |      46 |     263 |  85.1 |      18 |       2 |  10.0
        D:3 |      93 |       0 |   0.0 |      18 |       0 |   0.0
        D:4 |     370 |     266 |  41.8 |       7 |       9 |  56.2
        D:5 |     628 |     887 |  58.5 |      17 |       2 |  10.5
        D:6 |    1378 |       0 |   0.0 |      32 |       0 |   0.0
        D:7 |     693 |    1003 |  59.1 |      17 |       2 |  10.5
        D:8 |    2265 |     836 |  27.0 |      35 |       4 |  10.3
        D:9 |    1407 |     773 |  35.5 |      34 |      31 |  47.7
       D:10 |    3237 |    2317 |  41.7 |      35 |       1 |   2.8
       D:11 |    5286 |     648 |  10.9 |      39 |       5 |  11.4
       D:12 |    1384 |     662 |  32.4 |      18 |      11 |  37.9
            +---------+---------+-------+---------+---------+-------
